[Event "ICCopen2017"]
[Site "Internet Chess Club"]
[Date "2017.03.19"]
[Round "7"]
[White "Bozhenka"]
[Black "HuevosDeLeon"]
[Result "1-0"]
[ICCResult "Black checkmated"]
[WhiteElo "2878"]
[BlackElo "2603"]
[Opening "QGD: Ragozin variation"]
[ECO "D38"]
[NIC "NI.27"]
[Time "20:25:21"]
[TimeControl "180+0"]

1. d4 Nf6 2. c4 e6 3. Nf3 d5 4. Nc3 Bb4 5. Qa4+ Nc6 6. Ne5 Bd7 7. Nxd7 Nxd7
8. cxd5 Nb6 9. Qb5 Qxd5 10. e3 O-O 11. Bd2 Qxb5 12. Bxb5 Rfd8 13. Bxc6 bxc6
14. a3 Bxc3 15. Bxc3 Na4 16. Rc1 c5 17. dxc5 Nxc5 18. Ke2 Na4 19. Be5 Rd5
20. Bxc7 Nxb2 21. Rc2 Na4 22. Rb1 g5 23. h4 gxh4 24. Rb4 Nb6 25. Rg4+ Kf8
26. e4 Rd7 27. Be5 Rc8 28. Rxc8+ Nxc8 29. Bf6 Ne7 30. Rxh4 Kg8 31. Rg4+ Kf8
32. f4 Ng8 33. Bh4 f6 34. Rg3 Rg7 35. Rc3 Rxg2+ 36. Kf3 Rh2 37. Bf2 Rh3+ 38.
Bg3 Rh1 39. Bf2 Ra1 40. Bxa7 h5 41. Bd4 Kf7 42. Rc7+ Kg6 43. Bxa1 h4 44. Kg4
h3 45. Kxh3 f5 46. Rg7+ Kh6 47. Rxg8 fxe4 48. Rg5 e3 49. Bg7+ Kh7 50. Bc3 e2
51. Be1 Kh6 52. Kg4 e5 53. fxe5 Kh7 54. Kh5 Kh8 55. e6 Kh7 56. e7 Kh8 57.
e8=Q+ Kh7 58. Qg6+ Kh8 59. Bc3# {Black checkmated} 1-0

[Event "ICCopen2017"]
[Site "Internet Chess Club"]
[Date "2017.03.19"]
[Round "7"]
[White "jajaba"]
[Black "Nos"]
[Result "1-0"]
[ICCResult "Black checkmated"]
[WhiteElo "1867"]
[BlackElo "2170"]
[Opening "Réti opening"]
[ECO "A05"]
[NIC "QP.11"]
[Time "20:26:15"]
[TimeControl "180+0"]

1. Nf3 Nf6 2. Nc3 g6 3. d3 d5 4. e4 dxe4 5. Nxe4 Nxe4 6. dxe4 Qxd1+ 7. Kxd1
Bg7 8. c3 O-O 9. Kc2 b6 10. Bf4 c5 11. Nd2 Bb7 12. f3 Nc6 13. Rd1 Rad8 14.
Bb5 e6 15. Bxc6 Bxc6 16. Nc4 Bf6 17. Bh6 Rxd1 18. Rxd1 Rd8 19. Rxd8+ Bxd8
20. Bf4 f6 21. Bb8 Bb5 22. Nd6 Bf1 23. g3 Bg2 24. f4 a6 25. e5 fxe5 26. fxe5
Bd5 27. b3 Kg7 28. Nc8 Bb7 29. Nd6 Bd5 30. Nc8 Bb7 31. Nd6 Bc6 32. Kd3 h5
33. Ne4 h4 34. Bd6 Kh6 35. Ke3 Bxe4 36. Kxe4 Kg5 37. Kf3 hxg3 38. hxg3 Kh5
39. c4 Kg5 40. a3 Kh5 41. g4+ Kh4 42. b4 b5 43. cxb5 cxb4 44. bxa6 b3 45. a7
b2 46. a8=Q b1=Q 47. Qxd8+ Kh3 48. Qh8# {Black checkmated} 1-0

[Event "ICCopen2017"]
[Site "Internet Chess Club"]
[Date "2017.03.19"]
[Round "7"]
[White "lustigbridge"]
[Black "ramezsamir"]
[Result "1-0"]
[ICCResult "Black forfeits on time"]
[WhiteElo "1797"]
[BlackElo "1953"]
[Opening "French: advance, Nimzovich system"]
[ECO "C00"]
[NIC "FR.01"]
[Time "20:25:41"]
[TimeControl "180+0"]

1. e4 e6 2. Nf3 d5 3. e5 c5 4. d4 cxd4 5. Nxd4 Nc6 6. f4 Bc5 7. c3 Qb6 8.
Bb5 Bd7 9. Bxc6 bxc6 10. O-O Ne7 11. Na3 Bxa3 12. bxa3 c5 13. Nb3 Ba4 14.
Be3 Nf5 15. Bf2 d4 16. cxd4 c4 17. d5 Qd8 18. d6 cxb3 19. axb3 Bc6 20. Rc1
Rc8 21. Qe2 O-O 22. Qa6 Qd7 23. a4 h5 24. h3 h4 25. Qxa7 Qxa7 26. Bxa7 Ng3
27. Rfe1 Bd5 28. Rc7 Bxb3 29. a5 Bc4 30. Bb6 Ne2+ 31. Kf2 Nxf4 32. Re4 Nd3+
33. Ke3 Ba6 34. Ra7 Bb5 35. Rd4 Nxe5 36. a6 Rc3+ 37. Ke4 f6 38. Rc7 Bxa6 39.
Rxc3 Ng6 40. Ke3 e5 41. Rdc4 Bxc4 42. Rxc4 f5 43. d7 f4+ 44. Ke2 e4 45. Rxe4
f3+ 46. gxf3 Nf4+ 47. Rxf4 {Black forfeits on time} 1-0

[Event "ICCopen2017"]
[Site "Internet Chess Club"]
[Date "2017.03.19"]
[Round "7"]
[White "turolo"]
[Black "ontheprowl"]
[Result "0-1"]
[ICCResult "White resigns"]
[WhiteElo "1864"]
[BlackElo "1590"]
[Opening "Queen's pawn: London system"]
[ECO "A45"]
[NIC "QP.07"]
[Time "20:26:06"]
[TimeControl "180+0"]

1. d4 Nf6 2. Bf4 g6 3. Nc3 Bg7 4. e4 d6 5. Qd2 O-O 6. O-O-O Nbd7 7. Bh6 e5
8. Bxg7 Kxg7 9. d5 a5 10. h4 Nc5 11. f3 h5 12. Nge2 Rb8 13. Ng3 b5 14. Qg5
b4 15. Nce2 a4 16. Kb1 b3 17. cxb3 axb3 18. a3 Ba6 19. Nf5+ Kg8 20. g4 Nh7
21. Qh6 gxf5 22. gxf5 Qf6 23. Rg1+ Kh8 24. Qxh5 Rg8 25. Rg4 Rxg4 26. fxg4
Nxe4 27. Rc1 Nd2+ 28. Ka1 Nxf1 29. Rxc7 Rf8 30. Nc3 Ng3 31. g5 Nxh5 32. gxf6
N7xf6 33. Ra7 Bd3 34. a4 e4 35. a5 e3 36. a6 e2 37. Nxe2 Bxe2 38. Re7 Bxa6
39. Kb1 Rc8 40. Rxf7 Bd3+ {White resigns} 0-1

[Event "ICCopen2017"]
[Site "Internet Chess Club"]
[Date "2017.03.19"]
[Round "7"]
[White "jcgs1030"]
[Black "refid"]
[Result "1/2-1/2"]
[ICCResult "White ran out of time and Black has no material to mate"]
[WhiteElo "1949"]
[BlackElo "1792"]
[Opening "Sicilian: Kan, 5.Nc3"]
[ECO "B43"]
[NIC "SI.41"]
[Time "20:25:17"]
[TimeControl "180+0"]

1. e4 c5 2. Nf3 e6 3. d4 cxd4 4. Nxd4 a6 5. Nc3 Qc7 6. g3 Nf6 7. Bg2 d6 8.
O-O Be7 9. Re1 O-O 10. Bg5 h6 11. Bc1 Nc6 12. Nxc6 bxc6 13. e5 dxe5 14. Qe2
Bd6 15. b3 Bb7 16. Bb2 c5 17. Bxb7 Qxb7 18. Na4 Rac8 19. Rad1 Rfd8 20. Bxe5
Bxe5 21. Qxe5 Rd5 22. Rxd5 Qxd5 23. c4 Qxe5 24. Rxe5 Nd7 25. Re2 Kf8 26. Rd2
Ke7 27. f4 Rc6 28. Kf2 Rd6 29. Rxd6 Kxd6 30. Ke3 Nf6 31. h3 h5 32. Nc3 Ke7
33. Ne4 Nd7 34. g4 hxg4 35. hxg4 f6 36. g5 fxg5 37. Nxg5 Kd6 38. Ke4 Nf6+
39. Kf3 Nd7 40. Nf7+ Kc6 41. Kg4 Nf6+ 42. Kg5 Ne4+ 43. Kg6 Nc3 44. Kxg7 Nxa2
45. Kf6 Nc1 46. Kxe6 Nxb3 47. Ne5+ Kb6 48. Kd5 Nd4 49. Nd7+ Kc7 50. Nxc5 Nf5
51. Nxa6+ Kb6 52. Nc5 Ne3+ 53. Ke4 Ng4 54. Ne6 Kc6 55. f5 Kd6 56. Nd4 Nf6+
{White ran out of time and Black has no material to mate}
1/2-1/2

[Event "ICCopen2017"]
[Site "Internet Chess Club"]
[Date "2017.03.19"]
[Round "7"]
[White "manest"]
[Black "kathmales"]
[Result "1-0"]
[ICCResult "Black resigns"]
[WhiteElo "2839"]
[BlackElo "2268"]
[Opening "Sicilian: Smith-Morra gambit"]
[ECO "B21"]
[NIC "SI.48"]
[Time "20:25:48"]
[TimeControl "180+0"]

1. e4 c5 2. d4 cxd4 3. c3 d3 4. c4 Nc6 5. Bxd3 g6 6. Nf3 Bg7 7. h3 d6 8. O-O
Nf6 9. Nc3 O-O 10. Be3 Be6 11. Qd2 Rc8 12. b3 Qa5 13. Rac1 Nd7 14. Rfd1 Nde5
15. Be2 Nxf3+ 16. Bxf3 Rfd8 17. Be2 Be5 18. f4 Bg7 19. Bf3 a6 20. Nd5 Qxd2
21. Rxd2 Bxd5 22. exd5 Nb8 23. Bb6 Re8 24. Bg4 f5 25. Bf3 Nd7 26. Bf2 Nc5
27. Re2 Nd3 28. Rd1 Nxf4 29. Ree1 g5 30. a4 Ng6 31. Be2 Bc3 32. Rf1 Kg7 33.
Be3 f4 34. Bf2 Kf6 35. Rd3 Be5 36. Rb1 Rh8 37. Bg4 Rb8 38. b4 h5 39. Be6 Nf8
40. c5 Nxe6 41. dxe6 Kxe6 42. Re1 Kf5 43. Rd5 Rbc8 44. Bd4 e6 45. cxd6 exd5
46. Rxe5+ Kg6 47. Re6+ Kf5 48. Re5+ Kg6 49. Re6+ Kf5 50. Re5+ Kg6 51. Rxd5
Rhd8 52. Bc5 b6 53. Bxb6 Rd7 54. Bc5 a5 55. b5 Kf6 56. b6 Ke6 57. Rxg5 Rxc5
58. Rxc5 Rxd6 59. Rb5 Rd8 60. Rxa5 Kd6 61. Rb5 Kc6 62. b7 Rb8 63. Kf2 Rxb7
64. Rxb7 Kxb7 65. Kf3 h4 66. Kxf4 Ka6 67. Kg4 Ka5 68. Kxh4 Kxa4 69. Kg5 Kb3
70. h4 Kc4 71. h5 Kd3 72. g4 Ke2 73. h6 Kf2 74. h7 Kf3 75. h8=Q Kg3 76. Qf6
Kg2 77. Qf4 Kh3 78. Kh5 Kg2 79. g5 Kh1 80. g6 Kg2 81. g7 Kh1 82. Kh4 Kg1 83.
g8=Q+ Kh1 84. Qf1+ {Black resigns} 1-0

[Event "ICCopen2017"]
[Site "Internet Chess Club"]
[Date "2017.03.19"]
[Round "7"]
[White "rovov"]
[Black "searchforbobby1"]
[Result "0-1"]
[ICCResult "White forfeits on time"]
[WhiteElo "1774"]
[BlackElo "1982"]
[Opening "English opening: Agincourt variation"]
[ECO "A13"]
[NIC "QP.11"]
[Time "20:25:39"]
[TimeControl "180+0"]

1. Nf3 e6 2. c4 d5 3. e3 f5 4. b3 c6 5. Bb2 Nf6 6. Be2 Bd6 7. O-O O-O 8. Ne5
Nbd7 9. f4 Bc7 10. d3 Nxe5 11. fxe5 Ng4 12. Bxg4 fxg4 13. Rxf8+ Qxf8 14.
Qxg4 dxc4 15. bxc4 Bd7 16. Nd2 Qb4 17. Nb3 Rf8 18. Rf1 Rxf1+ 19. Kxf1 a5 20.
Qe2 a4 21. Nd4 Bxe5 22. a3 Qb6 23. Bc3 Qb1+ 24. Kf2 Qh1 25. h3 Qh2 26. Qf3
c5 27. Nb5 Bxc3 28. Nxc3 Bc6 29. e4 Qe5 30. Ne2 b5 31. cxb5 Bxb5 32. Nf4
Qd4+ 33. Qe3 e5 34. Qxd4 cxd4 35. Nd5 Bxd3 36. Kf3 Bc2 37. Ne7+ Kf7 38. Nc6
Kf6 39. h4 h6 40. g4 Bd1+ 41. Kg3 Bc2 42. Kf3 g6 43. Nb4 g5 44. h5 Bd1+ 45.
Kg3 Ke6 46. Nd3 Kd6 47. Kh3 Bc2 48. Nb4 d3 49. Kg3 d2 50. Kf2 d1=Q 51. Ke3
Qe1+ 52. Kf3 Bd1+ 53. Kg2 Qe2+ {White forfeits on time} 0-1

[Event "ICCopen2017"]
[Site "Internet Chess Club"]
[Date "2017.03.19"]
[Round "7"]
[White "GoogleGirl"]
[Black "manusupergm2001"]
[Result "0-1"]
[ICCResult "White checkmated"]
[WhiteElo "1857"]
[BlackElo "2119"]
[Opening "QGD: exchange, positional line"]
[ECO "D35"]
[NIC "QO.16"]
[Time "20:25:33"]
[TimeControl "180+0"]

1. d4 d5 2. c4 e6 3. Nc3 Nf6 4. cxd5 exd5 5. Bg5 Be7 6. e3 O-O 7. Bd3 c5 8.
dxc5 Nbd7 9. Nge2 Nxc5 10. Bc2 Be6 11. O-O Rc8 12. Nd4 Qb6 13. Nb3 Rfd8 14.
Nxc5 Qxc5 15. Qd3 g6 16. Rac1 d4 17. Bxf6 dxc3 18. Qxc3 Bxf6 19. Qxf6 Rd2
20. Bd3 Qxc1 21. Rxc1 Rxc1+ 22. Bf1 Rdd1 23. h3 Rxf1+ 24. Kh2 Rfd1 25. Qe7
Rd2 26. Qe8+ Kg7 27. Kg3 Rcc2 28. Qb8 Rxf2 29. Qe5+ Kf8 30. Qb8+ Ke7 31.
Qxb7+ Kf6 32. Qb8 Rxg2+ 33. Kh4 Rcf2 34. Qd8+ Kg7 35. Qd4+ Kh6 36. b4 g5#
{White checkmated}
0-1

[Event "ICCopen2017"]
[Site "Internet Chess Club"]
[Date "2017.03.19"]
[Round "7"]
[White "x22"]
[Black "Colombiano07"]
[Result "0-1"]
[ICCResult "White checkmated"]
[WhiteElo "2313"]
[BlackElo "2016"]
[Opening "Van't Kruijs opening"]
[ECO "A00"]
[Time "20:26:32"]
[TimeControl "180+0"]

1. e3 d5 2. Ne2 Bf5 3. d4 Nf6 4. c4 e6 5. Nbc3 c6 6. Nf4 Nbd7 7. Be2 h6 8.
g4 Bh7 9. h4 g5 10. hxg5 hxg5 11. Nh5 Nxh5 12. gxh5 Qb6 13. c5 Qc7 14. Bd3
Bg7 15. h6 Bxd3 16. Qxd3 Rxh6 17. Rxh6 Bxh6 18. Qh7 Bf8 19. e4 Nf6 20. Qh8
Nxe4 21. Nxe4 dxe4 22. Bxg5 Qa5+ 23. Bd2 Qa4 24. Bh6 O-O-O 25. Bxf8 Qb4+ 26.
Kf1 Qxb2 27. Re1 Qxa2 28. Qg7 Qc4+ 29. Kg1 Qxd4 30. Qxd4 Rxd4 31. Bg7 Rc4
32. Bf8 b5 33. Kg2 a5 34. Kg3 a4 35. Kf4 b4 36. Ra1 a3 37. Ke5 Kb7 38. Kd6
Rc2 39. Rb1 Rb2 40. Ra1 a2 41. Bg7 Rxf2 42. Ke5 b3 43. Kxe4 b2 44. Bxb2 Rxb2
45. Ke5 Ka6 46. Kd4 Kb5 47. Kc3 Rh2 48. Kd4 Kb4 49. Rf1 Rb2 50. Ra1 Kb3 51.
Kd3 Rb1 52. Rxa2 Kxa2 53. Kd4 Rb5 54. Ke5 Rxc5+ 55. Kd6 Rd5+ 56. Ke7 c5 57.
Kf6 c4 58. Kxf7 e5 59. Ke6 c3 60. Kxd5 c2 61. Kxe5 c1=Q 62. Ke4 Qd2 63. Kf3
Qd4 64. Kg3 Qe4 65. Kf2 Qd3 66. Ke1 Qc2 67. Kf1 Kb3 68. Ke1 Kc3 69. Kf1 Kd3
70. Ke1 Qe2# {White checkmated} 0-1

[Event "ICCopen2017"]
[Site "Internet Chess Club"]
[Date "2017.03.19"]
[Round "7"]
[White "Cramagica"]
[Black "Balderdash"]
[Result "0-1"]
[ICCResult "White forfeits on time"]
[WhiteElo "1122"]
[BlackElo "1107"]
[Opening "KGD: classical variation"]
[ECO "C30"]
[NIC "KG.05"]
[Time "20:25:55"]
[TimeControl "180+0"]

1. e4 e5 2. f4 Bc5 3. fxe5 Bd4 4. Nf3 Bc5 5. c3 c6 6. d4 Be7 7. Bc4 d6 8.
exd6 Bxd6 9. O-O Qc7 10. e5 Be7 11. Bg5 Bg4 12. Qd3 g6 13. Bf6 Nxf6 14. exf6
Bxf6 15. Re1+ Be7 16. Nbd2 Nd7 17. Ne4 Bxf3 18. Qxf3 f5 19. Nc5 O-O-O 20.
Nxd7 Rxd7 21. Be6 Rd8 22. Rad1 Qd6 23. Bxd7+ Rxd7 24. Re5 Bf6 25. Re8+ Kc7
26. Qg3 f4 27. Qh3 g5 28. Qf5 Bg7 29. Re6 Qd5 30. Qxd5 cxd5 31. Rde1 Bf6 32.
Rxf6 h5 33. Ree6 b6 34. Rc6+ Kb7 35. Rcd6 Rc7 36. Rde6 Re7 37. Rxe7+ Ka6
{White forfeits on time}
0-1

[Event "ICCopen2017"]
[Site "Internet Chess Club"]
[Date "2017.03.19"]
[Round "7"]
[White "CristianS"]
[Black "Baltimora"]
[Result "0-1"]
[ICCResult "White forfeits on time"]
[WhiteElo "2000"]
[BlackElo "2298"]
[Opening "French: Tarrasch, Guimard main line"]
[ECO "C04"]
[NIC "FR.15"]
[Time "20:26:23"]
[TimeControl "180+0"]

1. e4 e6 2. d4 d5 3. Nd2 Nc6 4. Ngf3 Nf6 5. e5 Nd7 6. a4 f6 7. exf6 Qxf6 8.
c3 Bd6 9. Bd3 O-O 10. Qe2 e5 11. dxe5 Ndxe5 12. Bc2 Bg4 13. Bb3 Rae8 14.
Bxd5+ Kh8 15. Ne4 Qd8 16. Nxd6 Qxd6 17. Be4 Nd3+ 18. Kf1 Nf4 19. Qc2 Qf6 20.
Bxf4 Qxf4 21. Re1 Bxf3 22. Bxf3 Rxe1+ 23. Kxe1 Ne5 24. Qe4 Nxf3+ 25. gxf3
Qc1+ 26. Ke2 Qxh1 27. Qe7 Rg8 28. Qxc7 Qc1 29. Qxb7 Re8+ 30. Kd3 Qd1+ 31.
Kc4 Qxa4+ 32. b4 Qd1 33. Qxa7 Qxf3 34. Qd7 Qa8 35. Kb3 Rd8 36. Qe7 Qd5+ 37.
Kb2 Ra8 {White forfeits on time} 0-1

[Event "ICCopen2017"]
[Site "Internet Chess Club"]
[Date "2017.03.19"]
[Round "7"]
[White "ajam"]
[Black "carpedef"]
[Result "1-0"]
[ICCResult "Black checkmated"]
[WhiteElo "1906"]
[BlackElo "1717"]
[Opening "English opening"]
[ECO "A16"]
[NIC "EO.64"]
[Time "20:25:26"]
[TimeControl "180+0"]

1. c4 Nf6 2. Nc3 g6 3. Nf3 d6 4. g3 e5 5. d3 Bg7 6. Bg2 O-O 7. O-O c6 8. Rb1
Nh5 9. b4 f5 10. Qc2 Kh8 11. b5 c5 12. a4 Nd7 13. Nd5 Ndf6 14. Bg5 Rb8 15.
a5 Be6 16. Nd2 h6 17. Bxf6 Nxf6 18. Nxf6 Qxf6 19. Rb3 g5 20. Nb1 f4 21. Nc3
fxg3 22. hxg3 Qe7 23. b6 a6 24. Ne4 Bf5 25. Nc3 Rf7 26. Nd5 Qd7 27. Rbb1 h5
28. Qd2 Bh6 29. e4 Be6 30. Nc7 Rbf8 31. Qe2 Bg4 32. f3 Be6 33. Rf2 Kh7 34.
Qf1 Kg6 35. Nxe6 Qxe6 36. Rbb2 Bg7 37. Bh3 Qe7 38. Bf5+ Kh6 39. Rh2 Rxf5 40.
exf5 Rxf5 41. Qh3 Qf7 42. Rbf2 e4 43. Qxh5+ Qxh5 44. Rxh5+ Kxh5 45. g4+ Kg6
46. gxf5+ Kxf5 47. fxe4+ Ke6 48. Rf5 Bf6 49. Kg2 Kf7 50. Kf3 Kg6 51. Kg4 Be7
52. d4 cxd4 53. Rd5 Kh6 54. Rxd4 Kg6 55. Rd5 Kf6 56. Rxg5 Ke6 57. Rd5 Bf6
58. Kh5 Bc3 59. Kg6 Ke7 60. Kf5 Bb4 61. e5 dxe5 62. Kxe5 Bc3+ 63. Ke4 Bb4
64. Rf5 Kd7 65. Kd5 Bxa5 66. Kc5 Bc3 67. Rf7+ Kc8 68. Rc7+ Kb8 69. Rd7 Be5
70. Rd8# {Black checkmated} 1-0

[Event "ICCopen2017"]
[Site "Internet Chess Club"]
[Date "2017.03.19"]
[Round "7"]
[White "Kusox"]
[Black "unkavalo"]
[Result "1-0"]
[ICCResult "Black forfeits on time"]
[WhiteElo "2139"]
[BlackElo "2453"]
[Opening "Queen's pawn game"]
[ECO "A46"]
[NIC "QP.06"]
[Time "20:26:39"]
[TimeControl "180+0"]

1. d4 Nf6 2. Nf3 e6 3. c3 b6 4. Bf4 Bb7 5. e3 Be7 6. Nbd2 O-O 7. Bd3 c5 8.
O-O d5 9. h3 Nc6 10. Qe2 a6 11. a4 cxd4 12. exd4 h6 13. Ne5 Nxe5 14. Bxe5
Nd7 15. Bg3 Re8 16. a5 bxa5 17. Nb3 a4 18. Rxa4 Nb6 19. Ra2 Nc4 20. Rfa1 Qb6
21. Na5 Nxa5 22. Rxa5 Bf6 23. Bxa6 e5 24. Qb5 Qxb5 25. Bxb5 exd4 26. Bxe8
Rxe8 27. cxd4 Bxd4 28. Rd1 Bf6 29. Ra7 Bc6 30. Rc1 Bb5 31. Rb7 Bd3 32. Rb8
Rxb8 33. Bxb8 Bxb2 34. Rd1 Bc4 35. Ba7 Bf6 36. Bd4 Bxd4 37. Rxd4 Kf8 38. f4
Ke7 39. Kf2 Kd6 40. Ke3 Kc5 41. g4 Kd6 42. Rd2 f6 43. Kd4 g5 44. fxg5 hxg5
45. Rb2 Ke6 46. Rb6+ Kf7 47. Kc5 Kg6 48. Rd6 Bf1 49. Rxd5 Bxh3 50. Rd4 f5
51. Rd6+ Kg7 52. gxf5 {Black forfeits on time} 1-0

[Event "ICCopen2017"]
[Site "Internet Chess Club"]
[Date "2017.03.19"]
[Round "7"]
[White "nikenwidiartto"]
[Black "anakinnn"]
[Result "1-0"]
[ICCResult "Black forfeits on time"]
[WhiteElo "1790"]
[BlackElo "1280"]
[Opening "Alekhine's defense: exchange variation"]
[ECO "B03"]
[NIC "AL.08"]
[Time "20:26:08"]
[TimeControl "180+0"]

1. e4 Nf6 2. e5 Nd5 3. d4 Nb6 4. c4 d6 5. exd6 cxd6 6. Nc3 g6 7. Bg5 Bg7 8.
Nf3 O-O 9. h3 Nc6 10. Qd2 Bf5 11. Be2 e5 12. d5 f6 13. dxc6 fxg5 14. cxb7
Rb8 15. Nxg5 Rxb7 16. g4 Be6 17. h4 Bxc4 18. Bxc4+ Nxc4 19. Qd5+ Kh8 20.
Qxc4 Qf6 21. Qe2 h6 22. Nge4 Qf4 23. Nxd6 Rb4 24. Nde4 Rf7 25. f3 Bf8 26. h5
g5 27. O-O Rfb7 28. Rf2 Be7 29. Rd1 Bc5 30. Nxc5 Rxb2 31. Qxb2 Rxb2 32. Rxb2
Qg3+ 33. Rg2 Qxf3 34. N5e4 Qe3+ 35. Kh2 Qf4+ 36. Kh1 Qf3 37. Rd7 Kg8 38. Kg1
Qe3+ 39. Kf1 Qf3+ 40. Rf2 Qh1+ 41. Ke2 Qa1 42. Rff7 Qb2+ 43. Ke3 Qc1+ 44.
Kf3 Qf1+ 45. Nf2 Qh3+ 46. Ke2 Qxc3 47. Rfe7 Qc2+ 48. Kf3 Qc3+ 49. Nd3 Qc6+
50. Ke3 {Black forfeits on time} 1-0

[Event "ICCopen2017"]
[Site "Internet Chess Club"]
[Date "2017.03.19"]
[Round "7"]
[White "Red-white"]
[Black "BlackHorse96"]
[Result "1-0"]
[ICCResult "Black resigns"]
[WhiteElo "3037"]
[BlackElo "3092"]
[Opening "Modern defense"]
[ECO "A40"]
[NIC "QO.17"]
[Time "20:26:33"]
[TimeControl "180+0"]

1. d4 g6 2. Nf3 Bg7 3. Bg5 d6 4. e4 c5 5. c3 cxd4 6. cxd4 Nc6 7. Bb5 a6 8.
Bxc6+ bxc6 9. O-O Qb6 10. Qc2 Nf6 11. h3 O-O 12. Nc3 Re8 13. Rfe1 Be6 14. b3
d5 15. e5 Bf5 16. Qc1 Ne4 17. Na4 Qb5 18. Bh6 Bh8 19. Nd2 f6 20. Nxe4 Bxe4
21. Nc3 Qd3 22. Nxe4 dxe4 23. Qxc6 Bg7 24. Rad1 Qb5 25. Qe6+ Kh8 26. Bxg7+
Kxg7 27. Rxe4 f5 28. Re3 Rac8 29. d5 Rc2 30. d6 exd6 31. Qf6+ Kh6 32. Qh4+
Kg7 33. Qf6+ Kh6 34. e6 Qb4 35. Rd4 Rc1+ 36. Kh2 Rxe6 37. Rh4+ {Black
resigns} 1-0

[Event "ICCopen2017"]
[Site "Internet Chess Club"]
[Date "2017.03.19"]
[Round "7"]
[White "Montserrat"]
[Black "vbtry3"]
[Result "0-1"]
[ICCResult "White checkmated"]
[WhiteElo "1869"]
[BlackElo "1773"]
[Opening "English: Carls' Bremen system"]
[ECO "A22"]
[NIC "EO.10"]
[Time "20:25:29"]
[TimeControl "180+0"]

1. c4 e5 2. Nc3 Nf6 3. g3 Nc6 4. Bg2 Bb4 5. e3 d6 6. Nge2 O-O 7. O-O a6 8.
b3 Bg4 9. h3 Bxc3 10. dxc3 Bf5 11. Ba3 Re8 12. c5 d5 13. Rc1 Qd7 14. Kh2
Rad8 15. Qd2 Ne4 16. Qb2 h5 17. f3 Nf6 18. Rfd1 Qc8 19. c4 Bg6 20. cxd5 Nxd5
21. e4 Ne3 22. Rxd8 Qxd8 23. Bh1 Qd3 24. Ng1 Rd8 25. Qf2 Qd2 26. Rf1 Nd1 27.
Qg2 Ne3 28. Qxd2 Rxd2+ 29. Bg2 Nxf1+ 30. Kh1 Ne3 31. f4 Nxg2 32. f5 Bh7 33.
Nf3 Rxa2 34. Bc1 Nd4 35. Be3 g6 36. Bxd4 exd4 37. Nxd4 gxf5 38. exf5 f6 39.
g4 Nf4 40. Kg1 Kg7 41. gxh5 Nxh3+ 42. Kf1 Nf4 43. Ke1 Nxh5 44. Ne6+ Kf7 45.
Nxc7 Ng3 46. Nd5 Bxf5 47. Ne3 Bd3 48. Nd1 Ne4 49. Nc3 Ra1+ 50. Nd1 Bc2 51.
Ke2 Bxd1+ 52. Ke3 Bxb3 53. Kxe4 Rc1 54. Kd4 Rxc5 55. Kxc5 Kg6 56. Kb4 Kg5
57. Kxb3 Kg4 58. Kc4 f5 59. Kd5 f4 60. Kc5 f3 61. Kb6 f2 62. Kxb7 f1=Q 63.
Kb6 Qb5+ 64. Kc7 a5 65. Kd6 a4 66. Ke6 a3 67. Kf6 a2 68. Ke6 a1=Q 69. Kd6
Qaa6+ 70. Kc7 Qbb7+ 71. Kd8 Qaa8# {White checkmated} 0-1

[Event "ICCopen2017"]
[Site "Internet Chess Club"]
[Date "2017.03.19"]
[Round "7"]
[White "e8thatcat"]
[Black "vsqk"]
[Result "0-1"]
[ICCResult "White forfeits on time"]
[WhiteElo "1398"]
[BlackElo "1805"]
[Opening "Nimzo-Indian: classical variation"]
[ECO "E32"]
[NIC "NI.20"]
[Time "20:26:18"]
[TimeControl "180+0"]

1. d4 Nf6 2. c4 e6 3. Nc3 Bb4 4. Qc2 O-O 5. a3 Bxc3+ 6. Qxc3 b6 7. Nf3 Bb7
8. Bg5 d6 9. Qc2 Nbd7 10. e4 Bxe4 11. Bd3 Bxd3 12. Qxd3 Re8 13. O-O Rc8 14.
Rfe1 c6 15. Re2 d5 16. Rae1 Qc7 17. Ne5 Ne4 18. Bf4 f6 19. Ng6 e5 20. dxe5
fxe5 21. Nxe5 Nxe5 22. Qd4 Qd6 23. f3 g5 24. Bxe5 Rxe5 25. fxe4 Rce8 26.
cxd5 cxd5 27. Qd3 Qc5+ 28. Qe3 d4 29. Qd3 R8e7 30. Rc2 Qd6 31. Rc8+ Kg7 32.
Rf1 Rxe4 33. Rff8 Re1+ 34. Kf2 R1e2+ 35. Qxe2 Rxe2+ 36. Kxe2 Qe6+ 37. Kd3
Qg6+ 38. Kc4 b5+ 39. Kb4 Qb6 {White forfeits on time} 0-1

[Event "ICCopen2017"]
[Site "Internet Chess Club"]
[Date "2017.03.19"]
[Round "7"]
[White "manneredmonkey"]
[Black "Dabo"]
[Result "1-0"]
[ICCResult "Black forfeits on time"]
[WhiteElo "1739"]
[BlackElo "1993"]
[Opening "English: Anglo-Dutch defense"]
[ECO "A10"]
[NIC "HD.14"]
[Time "20:25:53"]
[TimeControl "180+0"]

1. c4 f5 2. g3 Nf6 3. Bg2 g6 4. Nc3 Bg7 5. d3 d6 6. e4 O-O 7. Nge2 Nc6 8.
O-O Nh5 9. Be3 e5 10. f4 exf4 11. Nxf4 Nf6 12. h3 fxe4 13. dxe4 Ne5 14. Qe2
g5 15. Nfd5 Nxd5 16. Nxd5 h6 17. Rxf8+ Bxf8 18. Rf1 Bg7 19. b3 Be6 20. Qh5
a5 21. Qg6 Bf7 22. Qf5 c6 23. Nf6+ Qxf6 24. Qxf6 Bxf6 25. Rxf6 a4 26. Rxd6
axb3 27. axb3 Ra1+ 28. Kh2 Re1 29. Bd4 Ng6 30. Bf6 Re2 31. e5 Nxe5 32. Rd8+
Kh7 33. Bxe5 Rxe5 34. Rd7 Kg6 35. Rxb7 Re2 36. Kg1 c5 37. Rb6+ Kg7 38. Rb7
Kf6 39. Rc7 Re5 40. Rc6+ Kg7 41. Kf2 h5 42. Rc7 Kf6 43. h4 gxh4 44. gxh4
Rf5+ 45. Kg3 Re5 46. Rc6+ Kf5 47. Bh3+ Ke4 48. Rf6 Be8 49. Bg2+ Kd3 50. Rf3+
{Black forfeits on time}
1-0

[Event "ICCopen2017"]
[Site "Internet Chess Club"]
[Date "2017.03.19"]
[Round "7"]
[White "Parsifal"]
[Black "Ancient"]
[Result "1-0"]
[ICCResult "Black resigns"]
[WhiteElo "2358"]
[BlackElo "2013"]
[Opening "French: Tarrasch, Guimard main line"]
[ECO "C04"]
[NIC "FR.15"]
[Time "20:26:11"]
[TimeControl "180+0"]

1. e4 e6 2. d4 d5 3. Nd2 Nc6 4. Ngf3 Nf6 5. e5 Nd7 6. Bb5 a6 7. Ba4 f6 8.
exf6 Qxf6 9. c3 Bd6 10. Nf1 O-O 11. Ne3 Kh8 12. Bc2 h6 13. Qd3 g6 14. h3 Ne7
15. Ng4 Qf5 16. Qe2 Qh5 17. Bxh6 Rg8 18. Qxe6 Nf5 19. Nf6 Nxf6 20. Qxf6+ Kh7
21. Bd2 Re8+ 22. Kf1 Be7 23. Qf7+ Ng7 24. Ne5 Bf5 25. g4 Qh4 26. gxf5 gxf5
27. Bxf5+ {Black resigns} 1-0

[Event "ICCopen2017"]
[Site "Internet Chess Club"]
[Date "2017.03.19"]
[Round "7"]
[White "AlirezaFirouzja"]
[Black "Kastor"]
[Result "1-0"]
[ICCResult "Black resigns"]
[WhiteElo "2624"]
[BlackElo "2793"]
[Opening "Sicilian: Richter-Rauzer, Rauzer attack, 7...a6"]
[ECO "B66"]
[NIC "SI.29"]
[Time "20:26:01"]
[TimeControl "180+0"]

1. Nf3 c5 2. e4 d6 3. d4 cxd4 4. Nxd4 Nf6 5. Nc3 Nc6 6. Bg5 e6 7. Qd2 a6 8.
O-O-O h6 9. Be3 Be7 10. f3 Nxd4 11. Bxd4 e5 12. Be3 Be6 13. g4 Rc8 14. h4
Qa5 15. Kb1 b5 16. Be2 b4 17. Nd5 Nxd5 18. exd5 Bd7 19. f4 exf4 20. Bxf4 O-O
21. g5 Bf5 22. Bd3 Qxd5 23. gxh6 g6 24. h5 Kh7 25. Rhe1 Bh4 26. Re3 Rc6 27.
hxg6+ fxg6 28. Qe2 Rf7 29. Be4 Bxe4 30. Rxd5 Bxd5 31. Qh2 g5 32. Qd2 Bc4 33.
b3 gxf4 34. Rf3 Bb5 35. Rxf4 Bf6 36. Qxb4 d5 37. a4 Be2 38. Qd2 Re6 39. Qxd5
Rfe7 40. Qc5 Kh8 41. Rxf6 Rxf6 42. Qxe7 Rf1+ 43. Kb2 Rg1 44. Qxe2 Kh7 45.
Qxa6 Rg6 46. Qd3 Kxh6 47. Qxg6+ Kxg6 48. a5 {Black resigns} 1-0

[Event "ICCopen2017"]
[Site "Internet Chess Club"]
[Date "2017.03.19"]
[Round "7"]
[White "Pschaak"]
[Black "GiantHulk"]
[Result "0-1"]
[ICCResult "White forfeits on time"]
[WhiteElo "1758"]
[BlackElo "2141"]
[Opening "Queen's pawn: Torre attack"]
[ECO "A45"]
[NIC "QP.04"]
[Time "20:25:42"]
[TimeControl "180+0"]

1. d4 Nf6 2. Bg5 e6 3. Nf3 d5 4. e3 Be7 5. Nbd2 Ne4 6. Bxe7 Qxe7 7. Nxe4
dxe4 8. Nd2 f5 9. c3 O-O 10. Be2 c5 11. O-O cxd4 12. exd4 Nc6 13. Nc4 b5 14.
Ne3 a6 15. d5 Rd8 16. Qb3 Na5 17. Qb4 Qxb4 18. cxb4 Nb7 19. dxe6 Bxe6 20.
Rfd1 Kf7 21. a4 Rxd1+ 22. Nxd1 Bc4 23. Bxc4+ bxc4 24. Ne3 Nd6 25. Rd1 Ke6
26. Nd5 Rc8 27. Nb6 Rc6 28. a5 c3 29. bxc3 Rxc3 30. Nd5 Rc4 31. Nf4+ Ke5 32.
Nd5 g5 33. Ne7 Nb5 34. h3 f4 35. Nd5 Rd4 36. Rxd4 Kxd4 37. Nf6 e3 38. fxe3+
fxe3 39. Kf1 Nc3 40. Ke1 Kc4 41. Nxh7 Kxb4 42. Nxg5 Kxa5 43. Nf3 Kb4 44. h4
a5 45. h5 a4 46. h6 a3 47. h7 a2 {White forfeits on time} 0-1